 Dungeon Crawl Stone Soup version 0.22-a0-776-ge6d7efa (webtiles) character file.

1264 Hebeh the Destroyer (level 8, -3/41 HPs)
             Began as a Deep Elf Conjurer on July 18, 2018.
             Slain by Duvessa
             ... wielding a +0 rapier
              (15 damage)
             ... on level 4 of the Dungeon.
             The game lasted 00:20:06 (4431 turns).

Hebeh the Destroyer (Deep Elf Conjurer)             Turns: 4431, Time: 00:20:07

Health: -3/41      AC:  3    Str:  5    XL:     8   Next: 27%
Magic:  3/21       EV: 13    Int: 28    God:
Gold:   177        SH:  0    Dex: 15    Spells: 10/21 levels left

rFire    . . .     SeeInvis +   a - -3 short sword (curse)
rCold    . . .     Gourm    .   (no shield)
rNeg     . . .     Faith    .   f - +1 robe
rPois    .         Spirit   .   (no helmet)
rElec    .         Reflect  .   (no cloak)
rCorr    .         Harm     .   (no gloves)
MR       .....                  (no boots)
Stlth    ++........             (no amulet)
HPRegen  0.13/turn              m - ring of see invisible
MPRegen  0.17/turn              s - +5 ring of intelligence

@: no status effects
A: no striking features
a: no special abilities


You were on level 4 of the Dungeon.
You were not hungry.

You visited 1 branch of the dungeon, and saw 4 of its levels.

You collected 177 gold pieces.

Inventory:

Hand Weapons
 a - a cursed -3 short sword (weapon)
 b - a +0 mace
 p - a +2 whip of flaming
 q - a cursed +0 hunting sling
Missiles
 d - 44 sling bullets
 e - 139 stones
 l - 6 tomahawks
 r - 3 javelins of returning (quivered)
 w - 78 arrows
Armour
 f - a +1 robe (worn)
Jewellery
 m - a ring of see invisible (left hand)
 s - a +5 ring of intelligence (right hand)
Scrolls
 j - 3 scrolls of teleportation
 k - a scroll of magic mapping
 o - a scroll of amnesia
 t - a scroll of remove curse {unknown}
Potions
 g - a potion of curing {unknown}
 h - a potion of berserk rage
 i - 2 potions of flight
 n - 2 potions of magic
 u - a potion of ambrosia {unknown}
Comestibles
 c - 2 rations


   Skills:
 - Level 2.4 Dodging
 - Level 2.4 Stealth
 + Level 7.4 Spellcasting
 * Level 9.2 Conjurations
 + Level 4.4 Translocations


You had 10 spell levels left.
You knew the following spells:

 Your Spells              Type           Power        Failure   Level  Hunger
a - Magic Dart            Conj           ####         1%          1    None
b - Iskenderun's Mystic   Conj           ######..     1%          4    ##.....
c - Searing Ray           Conj           ######       1%          2    None
d - Force Lance           Conj/Tloc      #####...     3%          4    ##.....

Your spell library contained the following spells:

 Spells                   Type           Power        Failure   Level  Hunger
 Fulminant Prism          Conj/Hex       #####.....   8%          4    ##.....
 Dazzling Spray           Conj/Hex       #####.       2%          3    None


Dungeon Overview and Level Annotations

Branches:
Dungeon (4/15)
 Temple: D:4-7

Altars:

Annotations:
D:4 Duvessa


Message History

The freed slave barely misses you.
The freed slave hits the freed slave but does no damage.
The searing ray hits the freed slave.
You kill the freed slave!
That felt strangely unrewarding.
The searing ray hits Duvessa.
Duvessa is severely wounded.
You finish channeling your searing ray.
Duvessa barely misses you. Duvessa hits you with a rapier!
* * * LOW HITPOINT WARNING * * *
The freed slave hits Duvessa.
Duvessa closely misses you.
Casting: Searing Ray (safe; 1% risk of failure)
Confirm with . or Enter, or press ? or * to list all spells.
Aiming: Magic Dart (safe; 1% risk of failure)
Press: ? - help, Shift-Dir - straight line, f/p - Duvessa
Aim: Duvessa, wielding a rapier and wearing a leather armour (almost dead, berserk, fast, unusually strong)
The magic dart hits Duvessa.
Duvessa is almost dead.
Duvessa hits you with a rapier!
You die...

*,,,,****,*
##.###.#.....
*,,,,,,,,,* #.# #.#####.
*,,,*******
#######.###.###### **,,*
#................# *,,*
#.#####.###.####.# *,,*
#.# #.# #.# *,*
*,,**#####*#.# #.# #.#
*,*
*,,,,......#p#####.###.#
*,*
**,*****#..e@..[.....[>#
*,*
*,,,....).#.###.#######
*,* ****##....<..*#.#
*,* *.[..........# *,,
*.#..........# ***
*,###....###.# *,*
#....# #.# *,* ##.#.#
#.# *,* #...* *,*


You could see Duvessa (berserk) and a neutral freed slave (wandering).

Vanquished Creatures
  Pikel (D:4)
  A slave (D:4)
  A sky beast (D:4)
  3 ogres (D:4)
  2 scorpions
  Dowan (D:4)
  2 howler monkeys (D:4)
  An orc priest (D:3)
  A centaur skeleton (D:4)
  An iguana (D:4)
  A worker ant (D:3)
  3 gnolls (D:4)
  6 adders
  3 oozes
  A worm (D:4)
  2 dart slugs (D:1)
  10 leopard geckos
  2 orcs (D:3)
  7 bats
  3 giant cockroaches (D:3)
  6 hobgoblins
  5 jackals (D:2)
  8 kobolds
  2 quokkas
  6 frilled lizards
  5 goblins
  A leopard gecko skeleton (D:4)
  2 quokka skeletons
  6 rats
93 creatures vanquished.

Vanquished Creatures (others)
  A slave (D:4)
  A frilled lizard (D:4)
2 creatures vanquished.

Grand Total: 95 creatures vanquished

Notes
Turn   | Place    | Note
-------+----------+-------------------------------------------
     0 | D:1      | Hebeh the Deep Elf Conjurer began the quest for the Orb.
     0 | D:1      | Reached XP level 1. HP: 10/10 MP: 6/6
   140 | D:1      | Reached XP level 2. HP: 15/15 MP: 4/8
   417 | D:1      | Reached skill level 5 in Conjurations
   671 | D:2      | Reached XP level 3. HP: 19/19 MP: 8/10
   774 | D:2      | Learned a level 2 spell: Searing Ray
   857 | D:2      | Found a faded altar of an unknown god.
  1133 | D:2      | Reached XP level 4. HP: 24/24 MP: 6/12
  2093 | D:3      | Reached skill level 6 in Conjurations
  2093 | D:3      | Reached XP level 5. HP: 20/28 MP: 4/14
  2181 | D:3      | Learned a level 4 spell: Iskenderun's Mystic Blast
  2186 | D:3      | Learned a level 4 spell: Force Lance
  2600 | D:3      | Reached skill level 5 in Spellcasting
  2669 | D:3      | Reached skill level 1 in Translocations
  3143 | D:4      | Noticed a sky beast
  3145 | D:4      | Killed a sky beast
  3145 | D:4      | Reached skill level 7 in Conjurations
  3145 | D:4      | Reached XP level 6. HP: 32/32 MP: 6/16
  3557 | D:4      | Noticed a slave
  3815 | D:4      | Reached XP level 7. HP: 36/36 MP: 12/17
  4060 | D:4      | Reached skill level 8 in Conjurations
  4342 | D:4      | Noticed Pikel
  4346 | D:4      | Killed Pikel
  4346 | D:4      | Reached skill level 9 in Conjurations
  4346 | D:4      | Reached XP level 8. HP: 41/41 MP: 8/20
  4420 | D:4      | Noticed Duvessa
  4420 | D:4      | Noticed Dowan
  4423 | D:4      | Killed Dowan
  4431 | D:4      | Slain by Duvessa

Vault maps used:
D:1:      saegor_arrival_miasma, lemuel_another_geyser
D:2:      chequers_ecumenical_altar_simple_redux
D:4:      uniq_pikel, uniq_duvessa

Skill      XL: |  1  2  3  4  5  6  7 |
---------------+----------------------+-----
Conjurations   | 5 6 7 9 |  9.2
Spellcasting   | 4 5 7 |  7.4
Translocations | 1 2 4 |  4.4
Dodging        | |  2.4
Stealth        | |  2.4

Action                   |  1- 3 |  4- 6 |  7- 9 || total
-------------------------+-------+-------+-------++-------
 Cast: Magic Dart        |    66 |    87 |    18 ||   171
       Searing Ray       |     4 |     6 |     6 ||    16
       Iskenderun's Myst |       |     9 |     4 ||    13
       Force Lance       |       |       |     1 ||     1
  Use: Scroll            |       |    10 |       ||    10
  Eat: Chunk             |       |     7 |     1 ||     8
       Ration            |       |     1 |       ||     1
Armor: Robe              |     2 |       |     4 ||     6
Dodge: Dodged            |    12 |    10 |     5 ||    27

Table legend:
 A = Spawn XP
 B = Non-spawn XP
 C = Spawn XP percentage of total XP
 D = Spawn monster count
 E = Non-spawn monster count
 F = Spawn count percentage of total count
 G = Total turns spent on level
                    A         B        C        D         E        F      G
               +---------+---------+-------+---------+---------+-------+---------
         Total |       0 |    1807 |   0.0 |       0 |      92 |   0.0 |  4431
               +---------+---------+-------+---------+---------+-------+---------
           D:1 |       0 |      33 |   0.0 |       0 |      18 |   0.0 |   615
           D:2 |       0 |      86 |   0.0 |       0 |      23 |   0.0 |  1214
           D:3 |       0 |     224 |   0.0 |       0 |      31 |   0.0 |  1521
           D:4 |       0 |    1464 |   0.0 |       0 |      20 |   0.0 |  1081
               +---------+---------+-------+---------+---------+-------+---------
